AoeStats
← AVAbest

Arena

510623378Analyzed
4v4 RM · 16h ago on Oct 1, 2026· 47m 19s· 8 players
Game mode
Random Map
Map size
Large (8 player)
Population
200
Speed
Normal
Resources
Standard
Victory
Conquest
Starting age
Dark Age
Ending age
Imperial Age
RankedLock teamsTeams togetherTeam positionsShared explorationLock speedFull tech treeHidden civsTurbo modeCheats
Victory
Defeat
🇺🇸 Poles · United States
921
+13
🇨🇱 Dravidians · Chile
917
+13
🇦🇷 Koreans · Argentina
910
+13
🇦🇷 Slavs · Argentina
907
+25
🇪🇸 Bohemians · Spain
865
-15
🇨🇳 Franks · China
858
-13
🇩🇪 Huns · Germany
831
-12
🇹🇷 Persians · Türkiye
827
-12
ydyk123
11:19 Feudal Age
11:55 Double-Bit Axe
15:58 Castle Age
15:24 Stone Mining
17:07 Bow Saw
20:46 Loom
29:34 Imperial Age
29:28 Wheelbarrow
30:17 Scale Barding Armor
30:23 Forging
31:03 Cavalier
31:43 Husbandry
31:10 Elite Skirmisher
32:29 Hand Cart
32:40 Chain Barding Armor
32:57 Iron Casting
33:15 Paladin
34:21 Padded Archer Armor
34:12 Fletching
35:31 Plate Barding Armor
35:57 Blast Furnace
35:27 Paladin
36:09 Bodkin Arrow
36:30 Leather Archer Armor
37:30 Scale Mail Armor
40:10 Chemistry
39:30 Ballistics
40:11 Chain Mail Armor
WoMoNeR
12:32 Feudal Age
17:01 Castle Age
18:41 Loom
19:25 Double-Bit Axe
21:39 Pikeman
22:22 Squires
28:41 Horse Collar
37:13 Imperial Age
34:30 Town Watch
35:54 Wheelbarrow
37:44 Chemistry
40:05 Double-Bit Axe
41:37 Bow Saw
41:32 Halberdier
AVAbest
11:40 Feudal Age
11:45 Feudal Age
13:41 Double-Bit Axe
13:38 Horse Collar
16:56 Castle Age
18:51 Wheelbarrow
20:11 Fervor
23:05 Hand Cart
23:57 Gold Mining
25:14 Bow Saw
25:19 Heavy Plow
27:36 Gold Shaft Mining
30:26 Imperial Age
27:47 Town Watch
27:48 Loom
28:26 Forging
28:22 Scale Barding Armor
30:08 Town Patrol
30:53 Iron Casting
30:41 Chain Barding Armor
33:20 Conscription
32:22 Elite Tarkan
33:03 Marauders
34:35 Blast Furnace
34:10 Plate Barding Armor
34:39 Two-Man Saw
33:53 Bloodlines
33:44 Husbandry
34:26 Scale Mail Armor
34:30 Squires
33:50 Pikeman
34:28 Fletching
34:39 Padded Archer Armor
37:38 Cavalier
parla
11:26 Feudal Age
12:04 Double-Bit Axe
12:12 Gold Mining
14:32 Stone Mining
14:24 Horse Collar
19:52 Castle Age
20:46 Bow Saw
22:09 Bloodlines
21:59 Husbandry
22:41 Wheelbarrow
21:53 Loom
21:59 Loom
24:40 Light Cavalry
37:13 Imperial Age
34:31 Town Watch
35:06 Hand Cart
34:55 Heavy Plow
36:41 Kamandaran
36:39 Crossbowman
37:25 Thumb Ring
37:42 Heavy Camel Rider
39:39 Citadels
39:55 Conscription
39:44 Scale Barding Armor
40:54 Two-Man Saw
42:43 Cavalier
42:44 Hussar
Soup
11:05 Feudal Age
11:37 Loom
12:59 Double-Bit Axe
13:10 Horse Collar
17:32 Castle Age
15:38 Stone Mining
20:05 Bow Saw
27:09 Imperial Age
26:23 Heavy Plow
28:07 Gold Mining
28:55 Stone Shaft Mining
28:59 Scale Mail Armor
29:10 Forging
30:15 Conscription
31:58 Wheelbarrow
31:08 Town Watch
34:20 Hand Cart
35:06 Chain Mail Armor
35:26 Iron Casting
34:14 Elite Obuch
36:44 Squires
36:30 Arson
37:17 Plate Mail Armor
40:19 Blast Furnace
39:45 Lechitic Legacy
41:35 Crop Rotation
41:51 Light Cavalry
42:42 Bloodlines
42:32 Husbandry
42:39 Scale Barding Armor
Maldotroid
12:41 Feudal Age
18:02 Castle Age
17:13 Double-Bit Axe
17:21 Stone Mining
17:21 Gold Mining
17:14 Horse Collar
17:25 Loom
18:53 Wheelbarrow
26:55 Heavy Plow
27:37 Bow Saw
28:51 Fletching
30:25 Bodkin Arrow
30:31 Padded Archer Armor
31:14 Ballistics
34:17 Imperial Age
32:03 Hand Cart
31:34 Town Watch
33:00 Leather Archer Armor
34:07 Thumb Ring
34:19 Elite Elephant Archer
35:01 Bracer
36:04 Chemistry
35:51 Conscription
36:17 Ring Archer Armor
36:00 Masonry
38:24 Bombard Tower
38:20 Murder Holes
38:56 Husbandry
40:40 Fortified Wall
42:45 Town Patrol
Camalote
10:34 Feudal Age
14:27 Castle Age
13:09 Double-Bit Axe
14:55 Loom
19:07 Horse Collar
20:31 Fletching
22:36 Bodkin Arrow
25:26 Gold Mining
30:41 Imperial Age
29:31 Wheelbarrow
29:39 Scale Mail Armor
30:47 Pikeman
31:56 Bracer
32:10 Forging
31:29 Capped Ram
31:57 Halberdier
36:29 Chemistry
37:16 Heavy Plow
39:00 Elite Fire Lancer
40:18 Squires
41:41 Ballistics
41:42 Chain Mail Armor
43:17 Bracer
46:29 Plate Mail Armor
47:29 Bow Saw
cronathor
12:19 Feudal Age
17:08 Castle Age
19:16 Double-Bit Axe
21:24 Town Watch
22:27 Town Patrol
26:15 Scale Barding Armor
28:28 Detinets
29:40 Wheelbarrow
29:02 Stone Mining
29:33 Pikeman
30:15 Squires
37:44 Gold Mining
40:49 Chain Barding Armor
40:40 Forging
41:04 Bow Saw
48:24 Imperial Age
Connection lost

Rejoining the realm…

Still unreachable

The connection could not be restored.

Session expired

The server has moved on; the page needs a fresh start.